 Dungeon Crawl Stone Soup version 0.20.1-1-g8b1a95d66d (webtiles) character file.

214 Teleutos the Covered (level 5, -4/46 HPs)
             Began as a Hill Orc Fighter on Aug 12, 2018.
             Killed by divine providence
             ... invoked by an orc priest
              (11 damage)
             ... on level 4 of the Dungeon.
             The game lasted 00:19:50 (2554 turns).

Teleutos the Covered (Hill Orc Fighter)             Turns: 2554, Time: 00:19:51

Health: -4/46      AC:  9    Str: 20    XL:     5   Next: 91%
Magic:  5/5        EV:  7    Int:  8    God:
Gold:   131        SH:  9    Dex: 10    Spells: 4/4 levels left

rFire    + . .     SeeInvis .   a - +1 long sword
rCold    x . .     Gourm    .   c - +0 shield
rNeg     . . .     Faith    .   b - +1 scale mail
rPois    .         Spirit   .   l - +0 helmet
rElec    .         Reflect  .   (no cloak)
rCorr    .         Harm     .   (no gloves)
MR       .....                  (no boots)
Stlth    ..........             (no amulet)
Regen    0.2/turn               j - ring of fire
MPRegen  0.1/turn               (no ring)

@: no status effects
A: no striking features
a: Convert to Beogh


You were on level 4 of the Dungeon.
You were not hungry.

You visited 1 branch of the dungeon, and saw 4 of its levels.

You collected 131 gold pieces.

Inventory:

Hand Weapons
 a - a +1 long sword (weapon)
 i - a +0 hand axe
 k - a +0 short sword
 n - a +0 hunting sling
 o - a +0 whip
 u - a +0 blowgun
 w - a +0 spear
 y - a +0 falchion
 A - a +0 flail
 H - a +0 mace
Missiles
 e - 10 arrows
 m - 68 stones (quivered)
 r - 21 poisoned needles
 s - 23 sling bullets
 t - 6 javelins
 F - 25 bolts
Armour
 b - a +1 scale mail (worn)
 c - a +0 shield (worn)
 l - a +0 helmet (worn)
 p - a +0 ring mail
 z - a +0 scale mail
Jewellery
 j - a ring of fire (left hand)
 J - an uncursed ring of protection from fire {unknown}
Scrolls
 h - 2 scrolls of identify
 I - 2 scrolls of teleportation
Potions
 d - a potion of might
 v - a potion of resistance
 B - a potion of brilliance {unknown}
 D - a potion of haste
Books
 C - Sif Muna's Spellweaving, and How To Use It
   (You found it on level 3 of the Dungeon)

   Spells                             Type                      Level
   a - Airstrike                      Air                          4
   b - Force Lance                    Conjuration/Translocation    4
   c - Cause Fear                     Hexes                        4
   d - Summon Ice Beast               Ice/Summoning                4
   e - Control Undead                 Necromancy                   4
   f - Summon Lightning Spire         Summoning/Air                4
Comestibles
 f - 4 bread rations
 g - 3 meat rations
 q - 3 fruits
 G - 2 royal jellies


   Skills:
 + Level 4.2 Fighting
 + Level 4.5 Long Blades
 + Level 4.6 Armour
 + Level 0.4 Dodging
 + Level 4.0 Shields


You had 4 spell levels left.
You didn't know any spells.

Dungeon Overview and Level Annotations

Branches:
Dungeon (4/15)
 Temple: D:4-7

Altars:
Qazlal
Trog
Zin
The Shining One

Portals:
Ossuary: D:4


Message History

An orc comes into view. It is wielding a short sword.
An orc priest comes into view. It is wielding a short sword.
The orc priest shouts!
The orc priest calls down the wrath of Beogh upon you.
You barely resist.
An orc comes into view. It is wielding a dagger.
The orc shouts!
The orc priest looks satisfied for a moment.
The orc priest mumbles some strange prayers to Beogh against you.
Beogh smites you!
* * * LOW HITPOINT WARNING * * *
You feel better.
The orc priest invokes the aid of Beogh against you.
Beogh smites you!
* * * LOW HITPOINT WARNING * * *
The orc barely misses you.
You closely miss the orc.
The orc priest mumbles some strange prayers to Beogh against you.
Beogh smites you!
You die...

#.#.#.## .######
.# #.#...# .......
.# #.....# .......
.# ####..# .......
####.# ####..##
....... #....#
#......# .......
#....# #....>..
......o######....#
#.......
......oo.o@......#
#.......
.......####......#
######.. #######
#......# ###
#......# #
#......#.####
#......#.....
#......'...#
#......#.....
#......#.#%##


You could see 2 orc priests and 2 orcs.

Vanquished Creatures
  An orc priest (D:4)
  An orc wizard (D:4)
  The ghost of oldsheala the Firebug, a weakling HOFE (D:4)
  5 adders
  2 oozes
  4 worms
  2 dart slugs
  A leopard gecko (D:3)
  7 orcs
  2 ball pythons
  6 giant cockroaches
  5 goblins
  10 hobgoblins
  3 kobolds
  3 quokkas
  5 bats
  7 frilled lizards
  7 rats
72 creatures vanquished.

Notes
Turn   | Place    | Note
-------+----------+-------------------------------------------
     0 | D:1      | Teleutos the Hill Orc Fighter began the quest for the Orb.
     0 | D:1      | Reached XP level 1. HP: 19/19 MP: 1/1
   133 | D:1      | Reached XP level 2. HP: 24/27 MP: 2/2
   699 | D:2      | Reached XP level 3. HP: 33/33 MP: 3/3
  1011 | D:2      | Found a glowing golden altar of the Shining One.
  1304 | D:2      | Found a stormy altar of Qazlal.
  1349 | D:2      | Reached XP level 4. HP: 33/40 MP: 4/4
  1518 | D:3      | Found a glowing silver altar of Zin.
  1645 | D:3      | Identified Sif Muna's Spellweaving, and How To Use It
  2038 | D:3      | Reached XP level 5. HP: 45/46 MP: 5/5
  2202 | D:3      | Found a bloodstained altar of Trog.
  2414 | D:4      | Found a sand-covered staircase.
  2414 | D:4      | Noticed oldsheala's ghost (weakling HOFE)
  2432 | D:4      | Killed oldsheala's ghost
  2554 | D:4      | Killed from afar by an orc priest

Skill      XL: |  1  2  3  4  5 |
---------------+----------------+-----
Fighting       | 4 |  4.2
Armour         | 4 |  4.6
Long Blades    | 3 4 |  4.5
Shields        | 4 |  4.0
Dodging        | |  0.4

Action                   |  1- 3 |  4- 6 || total
-------------------------+-------+-------++-------
Melee: Long sword        |   126 |   154 ||   280
  Use: Potion            |     2 |     4 ||     6
       Scroll            |     5 |     5 ||    10
  Eat: Chunk             |       |     6 ||     6
Armor: Scale mail        |    57 |    63 ||   120
Dodge: Dodged            |    29 |    36 ||    65
Block: Shield            |    73 |    76 ||   149
       Rpst.: Long sword |    12 |    13 ||    25
